 Dungeon Crawl Stone Soup version 0.24.0-41-g2ae2f7f1be (webtiles) character file.

Game seed: 15613373677394715959, levelgen mode: deterministic

1759 FishyPogo the Thaumaturge (level 9, -2/65 HPs)
             Began as a Gnoll Wizard on Dec 13, 2019.
             Was a Believer of Qazlal.
             Slain by a freed slave (8 damage)
             ... led by Pikel
             ... on level 6 of the Dungeon.
             The game lasted 00:15:02 (3826 turns).

FishyPogo the Thaumaturge (Gnoll Wizard)            Turns: 3826, Time: 00:15:04

Health: -2/65      AC:  2    Str: 11    XL:     9   Next: 7%
Magic:  0/21       EV: 15    Int: 23    God:    Qazlal [**....]
Gold:   316        SH:  3    Dex: 13    Spells: 11/24 levels left

rFire    . . .     SeeInvis .   D - +1 dire flail (protect)
rCold    . . .     Gourm    .   (shield currently unavailable)
rNeg     . . .     Faith    .   s - +0 robe
rPois    .         Spirit   .   b - +0 hat
rElec    .         Reflect  .   (no cloak)
rCorr    .         Harm     +   (no gloves)
MR       .....                  (no boots)
Stlth    +++.......             j - amulet of harm
HPRegen  0.20/turn              B - ring of wizardry
MPRegen  0.17/turn              (no ring)

@: no status effects
A: distributed training, fangs 1, strong nose
a: Upheaval, Renounce Religion


You were on level 6 of the Dungeon.
You worshipped Qazlal.
Qazlal was pleased with you.
You were hungry.

You visited 1 branch of the dungeon, and saw 6 of its levels.

You collected 316 gold pieces.

Inventory:

Hand Weapons
 a - a +2 dagger of venom
 x - a +2 dagger of holy wrath
 A - a +0 dagger of speed
 D - a +1 dire flail of protection (weapon)
Missiles
 c - 102 stones
 l - 34 poisoned darts (quivered)
 u - 2 boomerangs
Armour
 b - a +0 hat (worn)
 q - a +2 scale mail of magic resistance
 s - a +0 robe (worn)
Jewellery
 j - an amulet of harm (around neck)
 t - an uncursed amulet of faith {unknown}
 B - a ring of wizardry (left hand)
Wands
 y - a wand of enslavement (5)
Scrolls
 e - 2 scrolls of teleportation {unknown}
 g - 2 scrolls of enchant armour {unknown}
 h - 2 scrolls of fog {unknown}
 i - 4 scrolls of immolation {unknown}
 k - 7 scrolls of identify {unknown}
 o - 5 scrolls of remove curse {unknown}
 r - a scroll of magic mapping {unknown}
 v - a scroll of fear {unknown}
 F - a scroll of amnesia {unknown}
Potions
 m - a potion of berserk rage {unknown}
 n - a potion of mutation {unknown}
 p - 3 potions of heal wounds {unknown}
 w - 2 potions of flight {unknown}
 z - a potion of magic {unknown}
 C - a potion of haste {unknown}
 E - a potion of might {unknown}
Comestibles
 d - 8 rations


   Skills:
 + Level 3.8 Fighting
 + Level 3.8 Short Blades
 + Level 3.8 Long Blades
 + Level 3.8 Axes
 + Level 3.8 Maces & Flails
 + Level 3.8 Polearms
 + Level 3.8 Staves
 + Level 3.8 Slings
 + Level 3.8 Bows
 + Level 3.8 Crossbows
 + Level 3.8 Throwing
 + Level 3.8 Armour
 + Level 6.0 Dodging
 + Level 5.7 Stealth
 + Level 3.8 Shields
 + Level 3.8 Unarmed Combat
 + Level 8.1 Spellcasting
 + Level 3.8 Conjurations
 + Level 3.1 Hexes
 + Level 3.1 Charms
 + Level 3.8 Summonings
 + Level 3.1 Necromancy
 + Level 3.8 Translocations
 + Level 3.1 Transmutations
 + Level 3.1 Fire Magic
 + Level 3.1 Ice Magic
 + Level 3.1 Air Magic
 + Level 3.1 Earth Magic
 + Level 3.1 Poison Magic
 + Level 4.1 Invocations
 + Level 3.8 Evocations


You had 11 spell levels left.
You knew the following spells:

 Your Spells              Type           Power        Failure   Level  Hunger
a - Magic Dart            Conj           ####         1%          1    None
b - Slow                  Hex            ###.....     1%          2    None
c - Mephitic Cloud        Conj/Pois/Air  ###.....     2%          3    None
j - Conjure Flame         Conj/Fire      ####....     1%          3    None
p - Call Imp              Summ           ####....     1%          2    None
x - Blink                 Tloc           N/A          1%          2    None

Your spell library contained the following spells:

 Spells                   Type           Power        Failure   Level  Hunger


Dungeon Overview and Level Annotations

Branches:
Dungeon (6/15)
 Temple: D:4-7

Altars:
Elyvilon
Qazlal
Ru
Sif Muna

Annotations:
D:6 Menkaure


Innate Abilities, Weirdness & Mutations

Your experience applies equally to all skills.
You have very sharp teeth.
Your uncanny sense of smell can sniff out nearby items.


Message History

You closely miss the freed slave.
The freed slave is lightly wounded.
The freed slave closely misses you.
You completely miss the freed slave.
The freed slave is lightly wounded.
The freed slave hits you.
* * * LOW HITPOINT WARNING * * *
Casting: Magic Dart (safe; 1% risk of failure)
Confirm with . or Enter, or press ? or * to list all spells.
Aiming: Mephitic Cloud (safe; 2% risk of failure)
Press: ? - help, Shift-Dir - straight line, f - freed slave
Aim: a freed slave (lightly wounded)
The ball explodes into a vile cloud!
The stinking cloud engulfs the freed slave but does no damage.
The freed slave is lightly wounded.
The stinking cloud engulfs you but does no damage.
You hear a bark!
The freed slave is engulfed in noxious fumes.
The freed slave appears confused.
The freed slave hits you!
You die...

# .# #.##### #. ∆
##........ .>.#∆
####.#..>....∆
#..[##..p@.......#
∆ #.....§..§..###.#
# #..######.###.#.#
#.####.##
..........)...#.#
#........
#########†#####.#
#).≈≈≈≈≈.
#.#####.###..≈≈≈≈≈.
#...........†≈≈≈≈≈.
#######.####.≈≈≈≈≈.
#.# [......


You could see a freed slave (confused).

Vanquished Creatures
  Pikel (D:6)
  Prince Ribbit (D:5)
  A steam dragon (D:4)
  Edmund (D:5)
  A black bear (D:6)
  3 slaves (D:6)
  A phantom (D:4)
  2 ogres
  A centaur (D:3)
  A bullfrog (D:6)
  A howler monkey (D:5)
  A centaur zombie (D:5)
  A centaur skeleton (D:4)
  An iguana (D:4)
  An orc wizard (D:3)
  A worker ant (D:6)
  A hound skeleton (D:4)
  8 gnolls
  A howler monkey skeleton (D:4)
  9 adders
  2 oozes
  An adder skeleton (D:5)
  2 worms (D:3)
  3 dart slugs
  2 leopard geckos
  6 orcs
  8 bats
  6 giant cockroaches
  5 goblins
  10 hobgoblins
  4 jackals (D:3)
  9 kobolds
  4 quokkas
  6 frilled lizards
  A giant cockroach zombie (D:5)
  12 rats
119 creatures vanquished.

Notes
Turn   | Place    | Note
-------+----------+-------------------------------------------
     0 | D:1      | FishyPogo the Gnoll Wizard began the quest for the Orb.
     0 | D:1      | Reached XP level 1. HP: 13/13 MP: 8/8
   223 | D:1      | Reached XP level 2. HP: 19/19 MP: 8/10
   406 | D:1      | Reached XP level 3. HP: 25/25 MP: 7/11
   411 | D:1      | Learned a level 3 spell: Conjure Flame
   415 | D:1      | Learned a level 3 spell: Mephitic Cloud
   418 | D:1      | Learned a level 2 spell: Slow
   421 | D:1      | Learned a level 2 spell: Blink
   425 | D:1      | Learned a level 2 spell: Call Imp
   725 | D:2      | Found a stormy altar of Qazlal.
   727 | D:2      | Became a worshipper of Qazlal Stormbringer
   877 | D:2      | Reached skill level 1 in Invocations
   947 | D:2      | Reached skill level 1 in Fighting
   947 | D:2      | Reached skill level 1 in Short Blades
   947 | D:2      | Reached skill level 1 in Long Blades
   947 | D:2      | Reached skill level 1 in Axes
   947 | D:2      | Reached skill level 1 in Maces & Flails
   947 | D:2      | Reached skill level 1 in Polearms
   947 | D:2      | Reached skill level 1 in Staves
   947 | D:2      | Reached skill level 1 in Slings
   947 | D:2      | Reached skill level 1 in Bows
   947 | D:2      | Reached skill level 1 in Crossbows
   947 | D:2      | Reached skill level 1 in Throwing
   947 | D:2      | Reached skill level 1 in Armour
   947 | D:2      | Reached skill level 1 in Shields
   947 | D:2      | Reached skill level 1 in Unarmed Combat
   947 | D:2      | Reached skill level 1 in Evocations
   947 | D:2      | Reached XP level 4. HP: 30/32 MP: 0/13
  1139 | D:2      | Reached skill level 1 in Hexes
  1139 | D:2      | Reached skill level 1 in Charms
  1139 | D:2      | Reached skill level 1 in Necromancy
  1139 | D:2      | Reached skill level 1 in Transmutations
  1139 | D:2      | Reached skill level 1 in Fire Magic
  1139 | D:2      | Reached skill level 1 in Ice Magic
  1139 | D:2      | Reached skill level 1 in Air Magic
  1139 | D:2      | Reached skill level 1 in Earth Magic
  1139 | D:2      | Reached skill level 1 in Poison Magic
  1326 | D:2      | Found a sacrificial altar of Ru.
  1451 | D:2      | Reached XP level 5. HP: 37/37 MP: 10/14
  1765 | D:3      | Reached * piety under Qazlal
  1852 | D:3      | Noticed a centaur
  1861 | D:3      | Killed a centaur
  1861 | D:3      | Reached XP level 6. HP: 34/44 MP: 13/16
  2061 | D:3      | Reached skill level 5 in Dodging
  2368 | D:3      | Found a shimmering blue altar of Sif Muna.
  2582 | D:4      | Found a white marble altar of Elyvilon.
  2610 | D:4      | Reached ** piety under Qazlal
  2793 | D:4      | Noticed a steam dragon
  2812 | D:4      | Noticed a phantom
  2818 | D:4      | Reached XP level 7. HP: 43/50 MP: 0/18
  2993 | D:4      | Killed a steam dragon
  2993 | D:4      | Reached skill level 5 in Stealth
  3110 | D:5      | Entered Level 5 of the Dungeon
  3117 | D:5      | Noticed Prince Ribbit
  3118 | D:5      | Noticed Edmund
  3124 | D:5      | Killed Prince Ribbit
  3124 | D:5      | Reached XP level 8. HP: 52/57 MP: 13/19
  3197 | D:5      | Killed Edmund
  3655 | D:6      | Noticed Menkaure
  3788 | D:6      | Noticed Pikel
  3799 | D:6      | Reached skill level 8 in Spellcasting
  3803 | D:6      | Killed Pikel
  3803 | D:6      | Reached XP level 9. HP: 28/65 MP: 2/21
  3826 | D:6      | Slain by a freed slave

Levels and vault maps discovered:
D:1:      mrwooster_arrival_statue_3, layout_basic
D:2:      layout_loops_cross, overflow_temple_1_default, lemuel_round_altar,
          chequers_serial_rivers_room_b, serial_bayou_ford_a,
          minmay_large_rounded_square
D:3:      layout_basic, lemuel_blue_sif_altar, first_ration
D:4:      minmay_clustersquares, layout_rooms, elyvilon_altar_4
D:5:      layout_cave_pools, uniq_prince_ribbit1, uniq_edmund
D:6:      layout_loops_ring, minmay_temple_entry_statues_fountains,
          minivault_14, uniq_pikel, uniq_menkaure

Skill      XL: |  1  2  3  4  5  6  7  8 |
---------------+-------------------------+-----
Conjurations   | 2 3 |  3.8
Summonings     | 2 3 |  3.8
Translocations | 2 3 |  3.8
Invocations    | 1 2 3 4 |  4.1
Fighting       | 1 2 3 |  3.8
Short Blades   | 1 2 3 |  3.8
Long Blades    | 1 2 3 |  3.8
Axes           | 1 2 3 |  3.8
Maces & Flails | 1 2 3 |  3.8
Polearms       | 1 2 3 |  3.8
Staves         | 1 2 3 |  3.8
Slings         | 1 2 3 |  3.8
Bows           | 1 2 3 |  3.8
Crossbows      | 1 2 3 |  3.8
Throwing       | 1 2 3 |  3.8
Armour         | 1 2 3 |  3.8
Shields        | 1 2 3 |  3.8
Unarmed Combat | 1 2 3 |  3.8
Evocations     | 1 2 3 |  3.8
Hexes          | 1 2 3 |  3.1
Charms         | 1 2 3 |  3.1
Necromancy     | 1 2 3 |  3.1
Transmutations | 1 2 3 |  3.1
Fire Magic     | 1 2 3 |  3.1
Ice Magic      | 1 2 3 |  3.1
Air Magic      | 1 2 3 |  3.1
Earth Magic    | 1 2 3 |  3.1
Poison Magic   | 1 2 3 |  3.1
Dodging        | 5 6 |  6.0
Stealth        | 5 |  5.7
Spellcasting   | 8 |  8.1

Action                   |  1- 3 |  4- 6 |  7- 9 || total
-------------------------+-------+-------+-------++-------
Melee: Unarmed           |     3 |    15 |       ||    18
       Bite              |       |     7 |    11 ||    18
       Dagger            |       |    47 |    43 ||    90
       Dire flail        |       |       |    32 ||    32
Throw: Stone             |       |     1 |       ||     1
       Dart              |       |       |     7 ||     7
 Cast: Magic Dart        |    64 |   136 |    48 ||   248
       Mephitic Cloud    |       |     8 |     9 ||    17
       Conjure Flame     |       |     1 |     1 ||     2
 Stab: Sleeping          |     1 |       |       ||     1
       Confused          |       |     3 |     5 ||     8
  Eat: Chunk             |       |     6 |     2 ||     8
Armor: Robe              |     2 |     3 |     8 ||    13
Dodge: Dodged            |     4 |    69 |    57 ||   130
Block: Other             |       |     3 |     1 ||     4
